Map: Jagannatha LE

Players

Mortened

  • Race: Protoss Protoss
  • League: Platinum
  • Spawn Location: 1:00

Tonesz - Winner!

  • Race: Protoss Protoss
  • League: Diamond
  • Spawn Location: 7:00

VOD

Have the link to the VOD?

Description

Time

  • Played on: Feb. 4, 2021, 2:47 a.m.
  • Length: 3:44
Show
View Real Time Build Order
Export as new Build Order

Mortened Protoss 

Build Orders:  

Get SALT Encoding   

  12  0:00  Probe  
  13  0:12  Probe  
  14  0:20  Pylon  
  14  0:24  Probe  
  15  0:40  Probe, Gateway  
  16  0:48  Assimilator  
  16  0:54  Assimilator  
  16  0:58  Probe  
  17  1:13  Gateway  
  17  1:27  Zealot  
  19  1:34  Probe  
  19  1:50  Probe  
  19  1:53  Cybernetics Core  
  20  2:01  Zealot  
  22  2:06  Pylon  
  22  2:12  Pylon  
  22  2:30  Zealot  
  22  2:31  Gateway  
  24  2:39  Probe  
  25  2:50  Stalker (Chrono Boost)  
  27  2:51  Probe  
  27  2:56  Stalker (Chrono Boost)  
  28  3:41  Pylon  
Show
View Real Time Build Order
Export as new Build Order

Tonesz Protoss - Winner!

Build Orders: Proxy Void Ray 

Get SALT Encoding   

  13  0:11  Pylon  
  12  0:15  Probe (Chrono Boost)  
  13  0:25  Probe (Chrono Boost)  
  14  0:31  Gateway  
  14  0:34  Probe  
  15  0:43  Assimilator  
  15  0:46  Probe  
  16  0:58  Probe  
  16  0:59  Assimilator  
  17  1:10  Probe  
  18  1:19  Cybernetics Core  
  18  1:23  Probe  
  19  1:27  Pylon  
  19  1:39  Probe  
  20  1:56  Shield Battery  
  20  1:58  Stargate  
  20  2:01  Warp Gate  
  20  2:04  Probe  
  21  2:15  Shield Battery  
  21  2:18  Probe  
  22  2:30  Probe  
  22  2:32  Shield Battery  
  23  2:37  Void Ray (Chrono Boost)  
  27  3:04  Void Ray (Chrono Boost)  
Tags
 
Add a new tag
Caveats
  • Supply blocks, unpowered buildings, or Contaminate may cause inaccurate times.
  • Supply counts are checked every 10 seconds.